 Dungeon Crawl Stone Soup version 0.28-a0-1415-g7c84da036a (webtiles) character file.

Game seed: 15006529819157088800

1197 croobank the Skirmisher (level 8, -12/57 HPs)
             Began as an Octopode Abyssal Knight on Jan 7, 2022.
             Was a Priest of Lugonu.
             Mangled by a gnoll sergeant (16 damage)
             ... on level 6 of the Dungeon.
             The game lasted 00:25:08 (7220 turns).

croobank the Skirmisher (Octopode Abyssal Knight)   Turns: 7220, Time: 00:25:08

Health: -12/57     AC: -3    Str: 12    XL:     8   Next: 44%
Magic:  12/12      EV: 14    Int: 15    God:    Lugonu [***...]
Gold:   202        SH:  0    Dex: 12    Spells: 7/7 levels left

rFire   . . .      SeeInvis .   a - +1 hand axe
rCold   . . .      Faith    .   (no shield)
rNeg    + . .      Spirit   .   (helmet restricted)
rPois   .          Reflect  .   (no amulet)
rElec   .          Harm     .   n - ring of positive energy
rCorr   .          Rampage  .   e - ring of flight
Will    +....                   z - ring of willpower
Stlth   ++........              (no ring)
HPRegen 0.19/turn               (no ring)
MPRegen 0.13/turn               (no ring)
                                (no ring)
                                (no ring)

@: corroded, flying
A: almost no armour, amphibious, 8 rings, camouflage 1, gelatinous body 1,
(nimble swimmer 1), tentacles
a: Renounce Religion, Depart the Abyss, Bend Space, Banish


You were on level 6 of the Dungeon.
You worshipped Lugonu.
Lugonu was most pleased with you.
You visited 1 branch of the dungeon, and saw 6 of its levels.
You visited the Abyss 1 time.
You also visited: Sewer.

You collected 202 gold pieces.

Inventory:

Hand Weapons
 a - a +1 hand axe (weapon)
 i - a +2 short sword of venom
 A - a +1 antimagic flail
Missiles
 b - 68 arrows
 l - 46 sling bullets
 m - 57 bolts
 r - 83 stones
 y - 16 poisoned darts (quivered)
 E - 2 silver javelins
Magical Staves
 h - a staff of conjuration
Jewellery
 e - a ring of flight (right tentacle)
 n - a ring of positive energy (left tentacle)
 u - a ring of ice
 v - an amulet of guardian spirit
 z - a ring of willpower (on tentacle)
Wands
 s - a wand of digging (6)
 B - a wand of mindburst (13)
Scrolls
 f - a scroll of vulnerability
 j - a scroll of magic mapping
 t - a scroll of immolation {unknown}
 w - a scroll of enchant weapon {unknown}
 x - a scroll of enchant armour {unknown}
 C - a scroll of summoning {unknown}
 D - a scroll of amnesia {unknown}
 F - a scroll of noise {unknown}
Potions
 c - a potion of lignification
 d - 4 potions of mutation
 g - a potion of heal wounds
 k - 3 potions of curing
 o - 4 potions of might
 p - 3 potions of resistance {unknown}
 q - 3 potions of magic {unknown}


   Skills:
 + Level 5.7 Fighting
 + Level 5.1 Axes
 + Level 5.4 Dodging
 + Level 5.6 Invocations


You had 7 spell levels left.
You didn't know any spells.
Your spell library was empty.

Dungeon Overview and Level Annotations

Branches:
Dungeon (6/15)              Sewer (visited)
 Temple: D:4-7

Altars:


Innate Abilities, Weirdness & Mutations

You cannot wear most types of armour.
You are amphibious.
You can wear up to eight rings at the same time.
Your skin changes colour to match your surroundings (Stealth+).
Your rubbery body absorbs attacks. (AC +1, EV +1)
((You are camouflaged when in or above water. (Stealth+)))
You have tentacles for arms and can constrict up to eight enemies at once.


Message History

Lugonu accepts your kill.
You hit the white imp. The white imp spits at you.
The white imp completely misses you.
You hit the white imp but do no damage. Your grab misses the white imp.
The white imp is heavily wounded.
The white imp barely misses you.
You hit the white imp but do no damage. You grab the white imp.
You squeeze the white imp.
The white imp is severely wounded.
You constrict the white imp. The white imp barely misses you.
You hit the white imp but do no damage. You squeeze the white imp.
You kill the white imp!
Lugonu accepts your kill.
You hit the jelly.
Your tentacles burn!
Your squeeze misses the jelly.
The jelly is lightly wounded.
The jelly hits you but does no damage.
You hit the jelly. The acid corrodes you!
Your tentacles burn!
You squeeze the jelly!
The jelly is almost dead.
The jelly hits you.
You are splashed with acid!
You hit the jelly.
Your tentacles burn!
You squeeze the jelly.
You kill the jelly!
Lugonu accepts your kill.
You barely miss the white imp. You grab the white imp.
You constrict the white imp, but do no damage.
The white imp hits you. The white imp freezes you.
The gnoll sergeant hits you from afar with a +0 trident of protection.
* * * LOW HITPOINT WARNING * * *
You barely miss the white imp. You squeeze the white imp.
The white imp is moderately wounded.
You constrict the white imp. The white imp misses you.
The gnoll sergeant hits you from afar with a +0 trident of protection.
* * * LOW HITPOINT WARNING * * *
You release your grip on the white imp.
The white imp hits you.
* * * LOW HITPOINT WARNING * * *
The white imp freezes you.
* * * LOW HITPOINT WARNING * * *
The gnoll sergeant hits you from afar with a +0 trident of protection!
You die...

... #...## #..#.#.# ..
#.....# #.# ###.#..# #.# ...
#..# #.# #.# #..#
############.# #.# #n)#
...........#.# #)# #..# #
...#...#.....###@###..#..#o
#[#...#.#....Zg5.........###
.#...#...#.#..######..#....#
...............## #..#....#
...#...#....#...# #..# ##..
#(#...#.#........# #... .
.#...#..5#..##..## ###.#
............# ..# .#
...#...#....# ...( ..


You could see a gnoll sergeant, a white imp and a centaur skeleton.

Vanquished Creatures
  A black bear (D:4)
  2 necrophages
  An ogre (D:6)
  A phantom (D:4)
  Blork the orc (D:4)
  A howler monkey (D:4)
  A bullfrog zombie (D:6)
  4 hounds
  2 jellies (D:6)
  A bullfrog skeleton (D:3)
  An iguana (D:5)
  An orc priest (D:4)
  An orc wizard (D:4)
  A killer bee zombie (D:6)
  A hound skeleton (D:5)
  A howler monkey zombie (D:6)
  A howler monkey skeleton (D:6)
  9 adders
  8 river rats (Sewer)
  2 white imps (D:6)
  5 worms
  3 dart slugs
  8 orcs
  13 ball pythons
  4 bats
  3 endoplasms
  5 giant cockroaches
  5 goblins
  5 hobgoblins
  5 jackals (D:2)
  3 quokkas
  2 frilled lizards (D:1)
  20 kobolds
  24 rats
146 creatures vanquished.

Notes
Turn   | Place    | Note
-------+----------+-------------------------------------------
     0 | Abyss:1  | croobank the Octopode Abyssal Knight began the quest for
                  | the Orb.
     0 | Abyss:1  | Reached XP level 1. HP: 16/16 MP: 2/2
     1 | Abyss:1  | Found an opulent altar of Gozag.
    43 | Abyss:1  | Noticed a sixfirhy
    54 | Abyss:1  | Noticed a freezing wraith
    58 | D:1      | Escaped the Abyss
   109 | D:1      | Reached * piety under Lugonu
   162 | D:1      | Reached XP level 2. HP: 21/21 MP: 3/3
   493 | D:1      | Reached XP level 3. HP: 19/26 MP: 4/4
   946 | D:2      | Reached ** piety under Lugonu
  1273 | D:2      | Reached XP level 4. HP: 27/31 MP: 6/6
  1759 | D:3      | Found a glowing drain.
  1804 | Sewer    | Entered a sewer
  2003 | Sewer    | Reached XP level 5. HP: 25/37 MP: 7/7
  2196 | Sewer    | Upgraded the game from 0.28-a0-1412-gf95308ed99 to
                  | 0.28-a0-1415-g7c84da036a
  3030 | Sewer    | Reached XP level 6. HP: 39/43 MP: 8/8
  3034 | Sewer    | Reached *** piety under Lugonu
  3289 | D:3      | Identified the +0 robe of Amorality {rF+++ rC- rCorr Dex-2}
  3470 | D:3      | Found a faded altar of an unknown god.
  4216 | D:4      | Noticed Blork the orc
  4233 | D:4      | Killed Blork the orc
  4611 | D:4      | Noticed a black bear
  4621 | D:4      | Killed a black bear
  4622 | D:4      | Reached XP level 7. HP: 33/49 MP: 10/10
  4628 | D:4      | HP: 2/49 [phantom (9)]
  5564 | D:5      | Entered Level 5 of the Dungeon
  5573 | D:5      | Reached skill level 5 in Fighting
  6172 | D:6      | Reached skill level 5 in Dodging
  6172 | D:6      | Reached skill level 5 in Invocations
  6172 | D:6      | Reached XP level 8. HP: 23/55 MP: 11/11
  6431 | D:6      | Reached skill level 5 in Axes
  7220 | D:6      | Mangled by a gnoll sergeant

Illustrated notes

Levels and vault maps discovered:
D:1:      tarquinn_simple_flora_water_b, layout_rooms
D:2:      layout_loops_ring
D:3:      layout_basic, shapermc_ecumenical_altar_ellora,
          cheibrodos_sewer_entry_drain, nrook_mini_backslash,
          nrook_loot_triangle
D:4:      layout_layer_cave, uniq_blork_the_orc
D:5:      layout_rooms
D:6:      cheibrodos_fzero, layout_loops_ring, mainiacjoe_overflow_paths,
          mainiacjoe_overflow_tiny_flanked, minmay_a_box_with_orc_wizards_in_it

Skill      XL: |  1  2  3  4  5  6  7  8 |
---------------+-------------------------+-----
Dodging        | 3 4 5 |  5.4
Invocations    | 3 4 5 |  5.6
Axes           | 3 4 5 |  5.1
Fighting       | 4 5 |  5.7

Action                   |  1- 3 |  4- 6 |  7- 9 || total
-------------------------+-------+-------+-------++-------
Melee: Hand axe          |    87 |    81 |    49 ||   217
       Constrict         |    25 |    44 |    23 ||    92
       Tentacles         |     9 |    37 |    28 ||    74
       Punch             |     1 |     2 |     3 ||     6
       Short sword       |       |    65 |    57 ||   122
Throw: Dart              |       |    13 |    12 ||    25
Invok: Depart the Abyss  |     1 |       |       ||     1
  Use: Scroll            |       |     5 |     2 ||     7
       Potion            |       |     1 |     5 ||     6
 Stab: Sleeping          |     9 |     3 |       ||    12
Armor: Skin              |     7 |     7 |     8 ||    22
Dodge: Dodged            |    52 |    99 |    99 ||   250

Table legend: (Time is in decaauts)
 A = Elapsed time spent in this place.
 B = Non-inter-level travel time spent in this place.
 C = Inter-level travel time spent in this place.
 D = Time resting spent in this place.
 E = Time spent auto-exploring this place.
 F = Levels seen in this place.
 G = Mean time per level.
                   A        B        C        D        E       F      G
               +--------+--------+--------+--------+--------+-----+--------+
         Total |   7264 |   7089 |    175 |   1863 |   3709 |   8 |  908.0 |
       Dungeon |   5748 |   5573 |    175 |   1101 |   3357 |   6 |  958.0 |
         Abyss |     58 |     58 |      0 |      0 |     16 |   1 |   58.0 |
         Sewer |   1458 |   1458 |      0 |    762 |    336 |   1 | 1458.0 |
               +--------+--------+--------+--------+--------+-----+--------+

Top non-repeatable levels by time:
     D:4: 1740 daAuts
   Sewer: 1458 daAuts
     D:5: 1193 daAuts
     D:1: 852 daAuts
     D:2: 752 daAuts
     D:3: 738 daAuts
     D:6: 471 daAuts
 Abyss:1: 58 daAuts
